[Event "Late-Titled-Tuesday-Blitz-October-10-2023"]
[Site "Chess.com"]
[Date "2023.10.10"]
[Round "10"]
[White "Beca95"]
[Black "filipluczak05"]
[Result "1-0"]
[WhiteElo "2862"]
[BlackElo "2628"]
[TimeControl "180+1"]
[EndTime "15:48:27 PDT"]
[Termination "Beca95 won by resignation"]

1. d4 g6 2. e4 Bg7 3. Nc3 c5 4. dxc5 Bxc3+ 5. bxc3 Nf6 6. e5 Ne4 7. Qd4 Qa5 8. Bd3 Nxc5 9. Qb4 Nxd3+ 10. cxd3 Qxe5+ 11. Be3 Nc6 12. Qb2 O-O 13. Nf3 Qf5 14. Qd2 d6 15. h4 Qh5 16. Ng5 Ne5 17. f3 Bd7 18. Qe2 f6 19. Ne4 f5 20. Ng3 f4 21. Nxh5 fxe3 22.
Ng3 Rac8 23. c4 b5 24. Qxe3 bxc4 25. dxc4 Rxc4 26. O-O Rxh4 27. Qxa7 Rhf4 28. Rae1 Bb5 29. Rxe5 dxe5 30. Re1 Bc4 31. a4 h5 32. Rxe5 h4 33. Rxe7 Bf7 34. Ne4 h3 35. Qc7 Rf5 36. Nd6 1-0

[Event "Late-Titled-Tuesday-Blitz-October-10-2023"]
[Site "Chess.com"]
[Date "2023.10.10"]
[Round "10"]
[White "Chesstrainer1"]
[Black "hellokostya"]
[Result "0-1"]
[WhiteElo "2490"]
[BlackElo "2629"]
[TimeControl "180+1"]
[EndTime "15:48:35 PDT"]
[Termination "hellokostya won on time"]

1. e4 c5 2. Nf3 Nc6 3. d4 cxd4 4.
Nxd4 Nf6 5. Nc3 e5 6. Ndb5 d6 7. Bg5 a6 8. Na3 b5 9. Nab1 Be7 10. Bxf6 Bxf6 11. a4 b4 12. Nd5 O-O 13. Bc4 g6 14. O-O Bg7 15. Qd3 Kh8 16. c3 bxc3 17. Nbxc3 Nd4 18. a5 Be6 19. Bxa6 Nb3 20. Bb7 Rxa5 21. Rxa5 Qxa5 22. Qa6 Qxa6 23. Bxa6 Rb8 24. Rd1 Nc5 25. Bc4 Rxb2 26. Ne3 Bxc4 27. Nxc4 Rc2 28. Nxd6 Rxc3 29. Nxf7+ Kg8 30. Ng5 h6 0-1

[Event "Late-Titled-Tuesday-Blitz-October-10-2023"]
[Site "Chess.com"]
[Date "2023.10.10"]
[Round "10"]
[White "Rodalquilar"]
[Black "DanielNaroditsky"]
[Result "0-1"]
[WhiteElo "2768"]
[BlackElo "3167"]
[TimeControl "180+1"]
[EndTime "15:48:36 PDT"]
[Termination "DanielNaroditsky won on time"]

1. d4 Nf6 2. Nf3 g6 3. Bf4 c5 4. e3 Qb6 5. Na3 cxd4 6. exd4 d6 7. Nc4 Qc7 8. a4 b6 9. Qe2 e6 10. a5 b5 11. Ne3 a6 12. Bg5 Nbd7 13. d5 e5 14. c4 Rb8 15. Rc1 Qxa5+ 16. Qd2 b4 17.
Bd3 Bg7 18. Qc2 Nc5 19. Be2 Nfe4 20. O-O h6 21. Bh4 g5 22. Bg3 f5 23. Nd2 b3 24.
Bh5+ Ke7 25. Nxb3 Rxb3 26. Ra1 Qd2 0-1

[Event "Late-Titled-Tuesday-Blitz-October-10-2023"]
[Site "Chess.com"]
[Date "2023.10.10"]
[Round "10"]
[White "Lion-Al-Messi"]
[Black "temus_galaktionov"]
[Result "0-1"]
[WhiteElo "2629"]
[BlackElo "2874"]
[TimeControl "180+1"]
[EndTime "15:48:36 PDT"]
[Termination "temus_galaktionov won by resignation"]

1. d4 c6 2. Nf3 g6 3. Nc3 Bg7 4. Bf4 d6 5. Qd2 Nd7 6. O-O-O b5 7. h4 Qa5 8. Kb1 Ngf6 9. Nd5 Qxd2 10. Nxf6+ Nxf6 11. Nxd2 Ng4 12. Be3 Nxe3 13. fxe3 d5 14. g3 Bg4 15.
Nf3 f6 16. Bh3 Bxh3 17. Rxh3 Kd7 18. b3 h5 19. c4 bxc4 20. bxc4 Bh6 21. Rd3 Rab8+ 22.
Kc2 dxc4 23. Rc3 Rb4 24. Nd2 Rhb8 25. Nxc4 Rb1 26. Rh2 Rg1 27. Ra3 Rb7 28. Na5 Rbb1 29.
Nc4 Rbc1+ 30. Kb3 Rxg3 31. Rxa7+ Ke8 32. Rf2 Bxe3 33. Rf3 Rxf3 34. exf3 Bxd4 35. Ra8+ Kf7 36. Rc8 c5 37. a4 Rc3+ 38. Ka2 Rxc4 0-1

[Event "Late-Titled-Tuesday-Blitz-October-10-2023"]
[Site "Chess.com"]
[Date "2023.10.10"]
[Round "10"]
[White "howitzer14"]
[Black "IngOscarArdila"]
[Result "1-0"]
[WhiteElo "2972"]
[BlackElo "2318"]
[TimeControl "180+1"]
[EndTime "15:48:50 PDT"]
[Termination "howitzer14 won by resignation"]

1. d4 Nf6 2. Bf4 e6 3. e3 Be7 4. Nd2 O-O 5. c3 d6 6. h3 Nbd7 7. Ngf3 b6 8. a4 a5 9. Bb5 Bb7 10. O-O Ne4 11. Nxe4 Bxe4 12. Bh2 f5 13. Qb3 Bd5 14.
Bc4 c6 15. Rfe1 Bxc4 16. Qxc4 Kf7 17. Qxc6 Rc8 18. Qb5 Qc7 19. e4 Qc6 20. exf5 exf5 21. Qxf5+ Kg8 22. Qd3 Rf7 23. Re3 Rcf8 24. Rae1 Bd8 25. Qb5 Qb7 26. Bxd6 Rxf3 27. gxf3 Rf6 28. Qc4+ Rf7 29. Re8+ 1-0

[Event "Late-Titled-Tuesday-Blitz-October-10-2023"]
[Site "Chess.com"]
[Date "2023.10.10"]
[Round "10"]
[White "NateSolon"]
[Black "Zeck_CH"]
[Result "1-0"]
[WhiteElo "2595"]
[BlackElo "2490"]
[TimeControl "180+1"]
[EndTime "15:49:03 PDT"]
[Termination "NateSolon won by resignation"]

1. d4 d5 2. Bf4 c5 3. e3 Nc6 4. Nf3 Qb6 5. Nc3 Nf6 6. Nb5 e5 7. Nxe5 c4 8. Nxc4 dxc4 9. Nc7+ Kd8 10. Nxa8 Qa5+ 11. c3 Nd5 12. Bxc4 Nxf4 13. exf4 Bd6 14. O-O Qf5 15. g3 h5 16. h4 Bd7 17. Bd3 Qd5 18.
Re1 Kc8 19. Be4 Qa5 20. b4 Qa3 21. Qb3 Qxb3 22. axb3 Kb8 23. b5 Ne7 24. b6 Kxa8 25. Rxa7+ Kb8 26. Rxb7+ Kc8 27. Ra1 Nc6 28. Bxc6 Bxc6 29. Rxf7 Re8 30. c4 Bf3 31. d5 Be7 32.
Ra8+ Kd7 33. Rxe8 Kxe8 34. Rxe7+ Kxe7 35. b7 1-0

[Event "Late-Titled-Tuesday-Blitz-October-10-2023"]
[Site "Chess.com"]
[Date "2023.10.10"]
[Round "10"]
[White "Sofiia_Hryzlova"]
[Black "cthulhuuu"]
[Result "1-0"]
[WhiteElo "2400"]
[BlackElo "2458"]
[TimeControl "180+1"]
[EndTime "15:49:07 PDT"]
[Termination "Sofiia_Hryzlova won by checkmate"]

1. e4 d6 2. d4 Nf6 3. Nc3 c6 4. f4 Qb6 5. Nf3 Bg4 6. e5 Nd5 7.
Nxd5 cxd5 8. c3 Nc6 9. exd6 e6 10.
d7+ Kxd7 11. Bd3 Bxf3 12. Qxf3 g6 13. O-O Bd6 14. Qe2 f5 15. Be3 h6 16. Rae1 Rae8 17. b3 g5 18. Qf2 Qc7 19. g3 Rhg8 20. Kh1 g4 21. c4 Nb4 22. Be2 h5 23. Rc1 Nxa2 24.
cxd5 Nxc1 25. Bb5+ Kd8 26. Rxc1 Qa5 27. Qc2 Qxb5 28.
Qc8+ Ke7 29. Qxe6+ Kf8 30. Qf6# 1-0

[Event "Late-Titled-Tuesday-Blitz-October-10-2023"]
[Site "Chess.com"]
[Date "2023.10.10"]
[Round "10"]
[White "micke12a"]
[Black "AlivodicDario"]
[Result "1/2-1/2"]
[WhiteElo "2368"]
[BlackElo "2445"]
[TimeControl "180+1"]
[EndTime "15:49:07 PDT"]
[Termination "Game drawn by repetition"]

1. d4 d5 2. Nc3 e6 3. Bf4 a6 4. e3 Nf6 5. g4 Bb4 6. f3 b5 7. h4 Bb7 8. h5 h6 9. a3 Bxc3+ 10. bxc3 Nbd7 11. Ne2 c5 12. Ng3 Rc8 13. g5 hxg5 14. Bxg5 Qa5 15. Qd2 Nb6 16. h6 Kf8 17. dxc5 Na4 18. hxg7+ Kxg7 19. Bxf6+ Kxf6 20. Qd4+ e5 21. Ne4+ Ke6 22. Ng5+ Kf6 23. Ne4+ Ke6 24. Ng5+ Kf6 25.
Ne4+ 1/2-1/2

[Event "Late-Titled-Tuesday-Blitz-October-10-2023"]
[Site "Chess.com"]
[Date "2023.10.10"]
[Round "10"]
[White "ChristopherYoo"]
[Black "Alex_Sahakyan2006"]
[Result "1-0"]
[WhiteElo "3026"]
[BlackElo "2769"]
[TimeControl "180+1"]
[EndTime "15:49:09 PDT"]
[Termination "ChristopherYoo won by resignation"]

1. e4 c5 2. Nf3 Nc6 3. Bb5 g6 4. O-O Bg7 5. Re1 e5 6. b4 cxb4 7. a3 b3 8. cxb3 Nge7 9. Nc3 O-O 10. a4 a6 11. Bc4 d6 12. h3 Be6 13. Ba3 Bxc4 14.
bxc4 Rc8 15. Rb1 Qd7 16. Nd5 Nxd5 17. cxd5 Nd4 18. Nxd4 exd4 19. Qb3 Rc7 20. f4 Re8 21.
e5 dxe5 22. d6 Rc6 23. Qxb7 Rxd6 24. Bxd6 Qxd6 25. Rb6 Qa3 26. Rxa6 Qg3 27. Rf1 exf4 28. Ra8 Rxa8 29. Qxa8+ Bf8 30. Qf3 Qg5 31. Qxf4 Qd5 32. Qf3 Qd7 33. a5 d3 34. a6 Bc5+ 35. Kh1 h5 36. Qb7 1-0

[Event "Late-Titled-Tuesday-Blitz-October-10-2023"]
[Site "Chess.com"]
[Date "2023.10.10"]
[Round "10"]
[White "lamomiajunior"]
[Black "hansen"]
[Result "1/2-1/2"]
[WhiteElo "2753"]
[BlackElo "2900"]
[TimeControl "180+1"]
[EndTime "15:49:13 PDT"]
[Termination "Game drawn by agreement"]

1. d4 Nf6 2. c4 e6 3. Nc3 Bb4 4. e3 O-O 5. Bd2 Re8 6. a3 Bf8 7. e4 d6 8. Nf3 Nc6 9. Bd3 e5 10. d5 Nd4 11. h3 c5 12. dxc6 bxc6 13. O-O a5 14. Be3 c5 15. Bg5 Be6 16. Nxd4 cxd4 17. Nd5 Bxd5 18. cxd5 Rb8 19. Qe2 Be7 20. Rfb1 Nxd5 21.
Bb5 Bxg5 22. exd5 Re7 23. Bc6 e4 24. Qc4 d3 25. b4 f5 26. bxa5 Rxb1+ 27. Rxb1 Qxa5 28.
Bb7 Rc7 29. Bc6 Qxa3 30. Rb8+ Kf7 31. Be8+ Kf6 32. Qxc7 Qa1+ 33. Kh2 Bf4+ 34. g3 Bxg3+ 35.
fxg3 Qa2+ 36. Kg1 Qa1+ 37. Kf2 Qd4+ 38. Kf1 Qa1+ 39. Kg2 Qa2+ 40. Kg1 1/2-1/2

[Event "Late-Titled-Tuesday-Blitz-October-10-2023"]
[Site "Chess.com"]
[Date "2023.10.10"]
[Round "10"]
[White "pinguino120"]
[Black "orestn"]
[Result "0-1"]
[WhiteElo "2245"]
[BlackElo "2400"]
[TimeControl "180+1"]
[EndTime "15:49:13 PDT"]
[Termination "orestn won by checkmate"]

1. e4 e5 2. Nf3 d6 3. d4 exd4 4. Qxd4 Nc6 5. Bb5 Bd7 6. Bxc6 Bxc6 7. Nc3 Nf6 8. Bg5 Be7 9. O-O-O O-O 10. Kb1 b5 11.
Rhe1 b4 12. Nd5 Nxd5 13. exd5 Bxg5 14. dxc6 Bf6 15. Qd5 Rb8 16. g4 a6 17. g5 Rb5 18.
Qe4 Bxg5 19. Nd4 Re5 20. Qg4 Bf6 21. Nf5 g6 22. Rxe5 Bxe5 23. h4 Qf6 24. Ne3 Qxf2 25. Nd5 Qc5 26. h5 Bg7 27. hxg6 fxg6 28. Qe6+ Kh8 29.
Rh1 Qd4 30. c3 Qd3+ 31. Kc1 bxc3 32. bxc3 Bxc3 33. Ne7 Qd2+ 34. Kb1 Qb2# 0-1

[Event "Late-Titled-Tuesday-Blitz-October-10-2023"]
[Site "Chess.com"]
[Date "2023.10.10"]
[Round "10"]
[White "FairChess_on_YouTube"]
[Black "Grischuk"]
[Result "1-0"]
[WhiteElo "3097"]
[BlackElo "2977"]
[TimeControl "180+1"]
[EndTime "15:49:20 PDT"]
[Termination "FairChess_on_YouTube won by resignation"]

1. c4 e5 2. Nc3 Nf6 3. e3 Bb4 4. Nge2 O-O 5. a3 Be7 6. g3 c6 7.
d4 exd4 8. Qxd4 Na6 9. Bg2 Nc5 10. Qd1 a5 11. O-O a4 12. e4 d6 13. Be3 Be6 14.
Nd4 Bxc4 15. Re1 Re8 16. Nf5 Bf8 17. Qf3 Nd3 18. Bg5 Nxe1 19. Rxe1 Re6 20. Bh3 b5 21. Nd4 Ra6 22. Bxe6 Bxe6 23. Nxe6 fxe6 24. e5 dxe5 25. Rd1 Qe8 26. Bxf6 Qf7 27. Ne4 Be7 28. Bxe7 1-0

[Event "Late-Titled-Tuesday-Blitz-October-10-2023"]
[Site "Chess.com"]
[Date "2023.10.10"]
[Round "10"]
[White "Eloist"]
[Black "jaskol95"]
[Result "0-1"]
[WhiteElo "2445"]
[BlackElo "2582"]
[TimeControl "180+1"]
[EndTime "15:49:25 PDT"]
[Termination "jaskol95 won by checkmate"]

1. e4 d5 2. exd5 Nf6 3. Nf3 Bg4 4. c4 c6 5. d4 cxd5 6. c5 Nc6 7. Be2 e6 8. h3 Bh5 9. O-O Be7 10. Nc3 O-O 11.
b4 Nxb4 12. Rb1 Nc6 13. Rxb7 Ne4 14. Bb2 Bf6 15. g4 Bg6 16. Bb5 Na5 17. Rd7 Qc8 18. Nxe4 dxe4 19. Nd2 a6 20. Ba4 Nc6 21. Rd6 Nb4 22.
Nc4 Nd3 23. Nb6 Qc7 24. Ba1 Rad8 25. Rc6 Qf4 26. Bc3 Ne5 27. Bd2 Nf3+ 28. Kg2 Qh2# 0-1

[Event "Late-Titled-Tuesday-Blitz-October-10-2023"]
[Site "Chess.com"]
[Date "2023.10.10"]
[Round "10"]
[White "StarkyNZ"]
[Black "mac0504"]
[Result "0-1"]
[WhiteElo "2379"]
[BlackElo "2589"]
[TimeControl "180+1"]
[EndTime "15:49:28 PDT"]
[Termination "mac0504 won by resignation"]

1. c4 b6 2. e4 Bb7 3. Bd3 e5 4. a3 Ne7 5. Nf3 Ng6 6. Bc2 Nc6 7. Nc3 Bc5 8. O-O O-O 9. b4 Bd4 10. Rb1 d6 11. Nd5 Nce7 12. Nxd4 exd4 13. Bb2 c5 14. Qh5 Nxd5 15. exd5 Qf6 16. g3 Rae8 17. Rfe1 Ba6 18. Bd3 Bc8 19. bxc5 bxc5 20. f4 h6 21. Re2 Rxe2 22.
Qxe2 Bd7 23. Re1 Re8 24. Qf1 Rb8 25. Bc1 h5 26. h4 Bf5 27. Qf3 Rb3 28. Re8+ Nf8 29.
Re4 Rxd3 30. Qxd3 Qg6 0-1

[Event "Late-Titled-Tuesday-Blitz-October-10-2023"]
[Site "Chess.com"]
[Date "2023.10.10"]
[Round "10"]
[White "ameetghasi100"]
[Black "MathiasWomacka"]
[Result "1-0"]
[WhiteElo "2729"]
[BlackElo "2528"]
[TimeControl "180+1"]
[EndTime "15:49:31 PDT"]
[Termination "ameetghasi100 won on time"]

1. g3 c5 2. Bg2 Nc6 3. Nf3 e5 4. O-O g6 5. e4 Bg7 6. Re1 Nge7 7. d3 O-O 8. Nfd2 d6 9. Nc3 Be6 10. Nc4 Qd7 11. Nd5 f5 12. Bg5 f4 13. gxf4 exf4 14.
Nxf4 Bxc4 15. dxc4 h6 16. Bxe7 Nxe7 17. Bh3 Qc6 18. Ne6 Bxb2 19. Rb1 Be5 20. Qg4 Rf6 21. f4 Bd4+ 22. Kh1 Re8 23. Bg2 Qd7 24. f5 Kh7 25.
Nxd4 cxd4 26. fxg6+ 1-0

[Event "Late-Titled-Tuesday-Blitz-October-10-2023"]
[Site "Chess.com"]
[Date "2023.10.10"]
[Round "10"]
[White "Inepton_Fermion"]
[Black "Witty_Alien"]
[Result "0-1"]
[WhiteElo "2387"]
[BlackElo "2265"]
[TimeControl "180+1"]
[EndTime "15:49:31 PDT"]
[Termination "Witty_Alien won by checkmate"]

1. Nf3 Nf6 2. b3 a5 3. Bb2 a4 4. e3 e6 5. Be2 a3 6. Bc1 d5 7.
O-O Bd6 8. c4 Ra5 9. d4 b6 10.
Qe1 dxc4 11. Bxc4 Bb7 12. Ne5 Rxe5 13. dxe5 Bxe5 14. Nc3 Ng4 15. f4 Bxc3 16. Qxc3 Qh4 17. Bb5+ Kf8 18. Bxa3+ Kg8 19. Rf3 Bxf3 20. Qe1 Qxh2+ 21.
Kf1 Qxg2# 0-1

[Event "Late-Titled-Tuesday-Blitz-October-10-2023"]
[Site "Chess.com"]
[Date "2023.10.10"]
[Round "10"]
[White "sergeikim"]
[Black "KorolDimitriy75"]
[Result "1-0"]
[WhiteElo "2568"]
[BlackElo "2395"]
[TimeControl "180+1"]
[EndTime "15:49:36 PDT"]
[Termination "sergeikim won on time"]

1. d4 Nf6 2. c4 c5 3. d5 b5 4. cxb5 a6 5. b6 d6 6. Nc3 Nbd7 7. e4 g6 8. Nf3 Bg7 9. Be2 O-O 10. O-O Nxb6 11.
a4 a5 12. Nd2 e6 13. Nc4 exd5 14. exd5 Ba6 15. Nxb6 Bxe2 16. Qxe2 Qxb6 17. Bf4 Rfe8 18.
Qb5 Qc7 19. Qc4 Red8 20. Nb5 Qb6 21. Rfe1 Ne8 22. Re2 Nc7 23. Nxc7 Qxc7 24. Rae1 Rab8 25. b3 Qb6 26. Re3 Bd4 27. Rf3 Re8 28. Rxe8+ Rxe8 29. g3 h5 30. h4 Re1+ 31. Kg2 Qd8 32. Bd2 Re8 33. Qb5 1-0

[Event "Late-Titled-Tuesday-Blitz-October-10-2023"]
[Site "Chess.com"]
[Date "2023.10.10"]
[Round "10"]
[White "luizzy"]
[Black "Krakozia"]
[Result "0-1"]
[WhiteElo "2567"]
[BlackElo "2967"]
[TimeControl "180+1"]
[EndTime "15:49:45 PDT"]
[Termination "Krakozia won by resignation"]

1. b3 e5 2. Bb2 Nc6 3. e3 Nf6 4.
Bb5 Bd6 5. Na3 Be7 6. Nc4 e4 7. Bxc6 bxc6 8. h3 O-O 9. Ne2 a5 10. Ng3 d5 11. Ne5 Qe8 12. f4 a4 13. O-O c5 14. c4 c6 15. bxa4 Kh8 16. Qc2 Ng8 17. f5 Bd6 18. f6 Bxe5 19. fxg7+ Kxg7 20. Nh5+ Kh8 21. Rf4 f6 22. Rh4 Rb8 23. Bxe5 Qxe5 24. Rf1 Qg5 25. Rff4 Ne7 26. Qc3 d4 27. exd4 Ng6 28.
Nxf6 0-1

[Event "Late-Titled-Tuesday-Blitz-October-10-2023"]
[Site "Chess.com"]
[Date "2023.10.10"]
[Round "10"]
[White "kreonx"]
[Black "schondeln"]
[Result "1-0"]
[WhiteElo "2485"]
[BlackElo "2380"]
[TimeControl "180+1"]
[EndTime "15:49:46 PDT"]
[Termination "kreonx won by resignation"]

1. e4 d5 2. exd5 Qxd5 3. Nc3 Qa5 4. Nf3 Nf6 5. d4 Bf5 6. Bc4 e6 7. O-O c6 8. Bd2 Qc7 9. Ne5 Nbd7 10. Qe2 Nxe5 11. dxe5 Nd5 12. Nxd5 exd5 13. Bd3 Bxd3 14.
cxd3 O-O-O 15. d4 Kb8 16. b4 Qd7 17. a4 Rc8 18. b5 c5 19. dxc5 Bxc5 20. Rfd1 Qe6 21.
Bf4 Rhd8 22. Rd3 Rd7 23. Rad1 h6 24. Qh5 d4 25. h3 Rd5 26. Rf3 Rcd8 27. Rdd3 R8d7 28.
Bg3 b6 29. Kh2 Kb7 30. Qh4 Be7 31. Qe4 Bc5 32. Qh7 Bf8 33. Qg8 Qe8 34. e6 Re7 35. exf7 Qd8 36. Qh7 Rdd7 37. Bh4 g5 38. Bg3 a6 39.
Qg6 axb5 40. axb5 Rxf7 41. Rxf7 Rxf7 42. Qxf7+ 1-0

[Event "Late-Titled-Tuesday-Blitz-October-10-2023"]
[Site "Chess.com"]
[Date "2023.10.10"]
[Round "10"]
[White "KejJaj"]
[Black "familijatop71"]
[Result "0-1"]
[WhiteElo "2144"]
[BlackElo "2134"]
[TimeControl "180+1"]
[EndTime "15:49:49 PDT"]
[Termination "familijatop71 won by checkmate"]

1. d4 Nf6 2. Bf4 g6 3. Nc3 Bg7 4. e4 d6 5. Qd2 h5 6. O-O-O Nfd7 7. Nf3 c5 8. dxc5 Qa5 9. Nd4 Nxc5 10. Bc4 Nc6 11. Be3 a6 12. f4 Bd7 13. Rhe1 b5 14. Bd5 Rc8 15. Bxc6 Bxc6 16. e5 b4 17. Nb1 Qxa2 18. exd6 Be4 19. d7+ Nxd7 20. c4 Qxb1# 0-1

[Event "Late-Titled-Tuesday-Blitz-October-10-2023"]
[Site "Chess.com"]
[Date "2023.10.10"]
[Round "10"]
[White "Bala-Afiada"]
[Black "flukeyNZ"]
[Result "0-1"]
[WhiteElo "1946"]
[BlackElo "2239"]
[TimeControl "180+1"]
[EndTime "15:49:55 PDT"]
[Termination "flukeyNZ won by resignation"]

1. d4 Nf6 2. c4 g6 3. Nc3 Bg7 4. e4 d6 5. Nf3 O-O 6. Be2 e5 7. Be3 Ng4 8. Bg5 f6 9. Bh4 Qe8 10. d5 f5 11. h3 Nf6 12. Qc2 Na6 13. a3 Nc5 14. Bxf6 Bxf6 15. b4 Nxe4 16. Nxe4 fxe4 17. Qxe4 Bf5 18. Qe3 e4 19. Nd4 Bd7 20. Rd1 Qe5 21.
O-O Bg5 22. Qc3 Rae8 23. Nb5 Qxc3 24. Nxc3 e3 25. fxe3 Bxe3+ 26. Kh1 Rxf1+ 27. Rxf1 Bd4 28. Bg4 Bxg4 29. hxg4 Bxc3 30. Rf6 0-1

[Event "Late-Titled-Tuesday-Blitz-October-10-2023"]
[Site "Chess.com"]
[Date "2023.10.10"]
[Round "10"]
[White "CraiggoryC"]
[Black "Defenstrator"]
[Result "1-0"]
[WhiteElo "2292"]
[BlackElo "2396"]
[TimeControl "180+1"]
[EndTime "15:49:57 PDT"]
[Termination "CraiggoryC won by resignation"]

1. e4 g5 2. d4 h6 3. h4 gxh4 4.
Nf3 d5 5. exd5 Nf6 6. Bb5+ Bd7 7. Bxd7+ Qxd7 8. c4 c6 9. Ne5 Qf5 10. dxc6 Qe4+ 11. Qe2 Qxg2 12. Rxh4 Nxc6 13. Nxc6 bxc6 14. Nc3 Qg1+ 15. Qf1 Qg6 16. Be3 e6 17. O-O-O Bb4 18. Qh1 Kd7 19. d5 cxd5 20. cxd5 Bxc3 21. dxe6+ Kxe6 22.
Qc6+ Kf5 23. Rf4+ Kg5 24. Rxf6+ Kg4 25. Rxg6+ fxg6 26. Qxg6+ Kf3 27. Qg3+ Ke4 28. bxc3 Rhf8 29. Rd4+ Kf5 30. Rf4+ 1-0

[Event "Late-Titled-Tuesday-Blitz-October-10-2023"]
[Site "Chess.com"]
[Date "2023.10.10"]
[Round "10"]
[White "Zq1"]
[Black "Walter_White_Poland"]
[Result "1-0"]
[WhiteElo "2556"]
[BlackElo "2348"]
[TimeControl "180+1"]
[EndTime "15:49:59 PDT"]
[Termination "Zq1 won on time"]

1. d4 Nf6 2. c4 e6 3. Nc3 Bb4 4. a3 Bxc3+ 5. bxc3 c5 6. e3 d6 7. Bd3 O-O 8. Ne2 e5 9. e4 Re8 10. f3 Nc6 11. O-O cxd4 12. cxd4 Qb6 13. Be3 exd4 14. Bf2 Be6 15. Rb1 Qc5 16. Qc2 Qxa3 17. Rb3 Qc5 18.
Qb2 Bxc4 19. Bxc4 Qxc4 20. Rc1 Qe6 21. Rxb7 d5 22. Rc7 dxe4 23. R7xc6 Qxc6 24. Rxc6 e3 25. Nxd4 Rab8 26. Qc2 exf2+ 27. Kxf2 h6 28. Nf5 Rb5 29. Nxh6+ gxh6 30. Rxf6 Reb8 31. Kg3 Rg5+ 32. Kf2 Rgb5 33. Qc7 Rb2+ 34. Kg3 Rf8 35. Rxh6 Kg7 36. Ra6 1-0

[Event "Late-Titled-Tuesday-Blitz-October-10-2023"]
[Site "Chess.com"]
[Date "2023.10.10"]
[Round "10"]
[White "GMKrikor"]
[Black "BogdanDeac"]
[Result "0-1"]
[WhiteElo "2793"]
[BlackElo "3007"]
[TimeControl "180+1"]
[EndTime "15:50:04 PDT"]
[Termination "BogdanDeac won by resignation"]

1. Nf3 Nf6 2. c4 g6 3. Nc3 Bg7 4. e4 d6 5. d4 O-O 6. h3 e5 7. d5 Nh5 8. Be3 f5 9. Bd3 Na6 10.
exf5 gxf5 11. g4 Nf4 12. Bxf4 exf4 13. g5 Nc5 14. Kf1 Bd7 15. Bc2 Be8 16. Qd2 Bh5 17.
Qxf4 Bxf3 18. Qxf3 Qxg5 19. Rd1 Qh4 20. b3 Ne4 21.
Ne2 Be5 22. Bxe4 fxe4 23. Qg4+ Qxg4 24. hxg4 Rf3 25. Kg2 Raf8 26. Rdf1 a5 27. Rh4 e3 28. fxe3 Rxf1 0-1

[Event "Late-Titled-Tuesday-Blitz-October-10-2023"]
[Site "Chess.com"]
[Date "2023.10.10"]
[Round "10"]
[White "LeninGuerra"]
[Black "Langua_Chess"]
[Result "0-1"]
[WhiteElo "2600"]
[BlackElo "2490"]
[TimeControl "180+1"]
[EndTime "15:50:09 PDT"]
[Termination "Langua_Chess won by resignation"]

1. e4 e5 2. Nf3 Nc6 3. Bb5 Nge7 4. O-O a6 5. Ba4 b5 6. Bb3 d6 7. c3 Ng6 8. d4 Bg4 9. h3 Bxf3 10.
Qxf3 Qd7 11. Rd1 Na5 12. dxe5 Nxe5 13. Qg3 Nxb3 14. axb3 Qc6 15. Bf4 f6 16. Nd2 g5 17.
Bxe5 dxe5 18. Qf3 O-O-O 19. Nf1 Bc5 20. Ng3 Kb7 21. Nf5 h5 22. b4 Bb6 23. Ne7 Qe6 24.
Nd5 g4 25. hxg4 hxg4 26. Qxf6 Qxf6 27. Nxf6 g3 28. Kf1 gxf2 29. Rxd8 Rh1+ 30. Ke2 Rxa1 31. Rd1 Rxd1 32. Kxd1 f1=Q+ 0-1

[Event "Late-Titled-Tuesday-Blitz-October-10-2023"]
[Site "Chess.com"]
[Date "2023.10.10"]
[Round "10"]
[White "Dacean99"]
[Black "topin8"]
[Result "0-1"]
[WhiteElo "2567"]
[BlackElo "2439"]
[TimeControl "180+1"]
[EndTime "15:50:09 PDT"]
[Termination "topin8 won by checkmate"]

1. d4 Nf6 2. Nf3 c5 3. c4 cxd4 4.
Nc3 dxc3 5. bxc3 Nc6 6. Bg5 d6 7. e3 Qa5 8. Bxf6 gxf6 9. Qc2 Bf5 10. Qb3 Bg7 11. Be2 O-O 12. g4 Be4 13. O-O Ne5 14.
Nh4 Ng6 15. Nxg6 hxg6 16. f3 Bc6 17. Kf2 f5 18. Rg1 f4 19. exf4 Bxc3 20. Rad1 Qb6+ 21. Kg3 Qxb3 22. axb3 Kg7 23. h4 Rh8 24. Bd3 Bf6 25. g5 Bc3 26. f5 gxf5 27. Bxf5 e6 28. Bd3 f6 29. f4 fxg5 30. fxg5 Be5+ 31. Kg4 Raf8 32.
Rdf1 Bd4 33. Rxf8 Rxf8 34. Re1 Bf3+ 35. Kg3 Be5+ 36. Kh3 Bh5 37. Be4 b6 38. Re3 Bg6 39. Bf3 Rf4 40. h5 Bf5+ 41. Kg2 Rh4 42. Kg1 Bd4 43. Kf2 Bxe3+ 44. Kxe3 Rh3 45. Kf4 e5+ 46.
Kxf5 Rxf3+ 47. Ke6 Rxb3 48. h6+ Kg6 49. h7 Kxh7 50.
Kf7 Rf3+ 51. Ke6 e4 52. Kxd6 e3 53. Ke5 e2 54. Ke4 Rf2 55. Kd5 e1=Q 56. c5 bxc5 57. Kc6 c4 58. g6+ Kxg6 59. Kb5 c3 60. Kb4 c2+ 61. Kb3 c1=Q 62. Ka4 Qa1+ 63. Kb5 Rf5+ 64.
Kc6 Qe6+ 65. Kb7 Qg7+ 66. Ka8 Rf8# 0-1

[Event "Late-Titled-Tuesday-Blitz-October-10-2023"]
[Site "Chess.com"]
[Date "2023.10.10"]
[Round "10"]
[White "borocotoajua"]
[Black "egnfanclub"]
[Result "1-0"]
[WhiteElo "2560"]
[BlackElo "2369"]
[TimeControl "180+1"]
[EndTime "15:50:13 PDT"]
[Termination "borocotoajua won by checkmate"]

1. d4 d5 2. Nf3 Nf6 3. c4 c6 4. g3 e6 5. Qc2 dxc4 6. Nbd2 b5 7. Bg2 Bb7 8. O-O Nbd7 9. b3 cxb3 10. Nxb3 Be7 11. Bb2 a5 12. a4 O-O 13. Ne1 Nd5 14. Nd3 bxa4 15. Rxa4 Nb4 16. Nxb4 Bxb4 17. Rfa1 Nb6 18.
R4a2 Nd5 19. Nc5 Bc8 20. Nd3 Rb8 21. Qxc6 Bb7 22. Qc2 Rc8 23. Qb3 Ba6 24. Nxb4 Bc4 25.
Qd1 axb4 26. Ra7 Nc3 27. Qd2 Nxe2+ 28. Kh1 Nc3 29. Bxc3 bxc3 30. Qxc3 Bd5 31. Qd3 Bxg2+ 32. Kxg2 Qd5+ 33. Qf3 Qxd4 34. R1a4 Rc4 35. Rxf7 Rfc8 36. Raa7 Rc3 37. Qb7 Qd5+ 38. Qxd5 exd5 39. Rxg7+ Kf8 40. Rxh7 d4 41. Rh8# 1-0

[Event "Late-Titled-Tuesday-Blitz-October-10-2023"]
[Site "Chess.com"]
[Date "2023.10.10"]
[Round "10"]
[White "tptagain"]
[Black "THE_PLAYER6"]
[Result "1-0"]
[WhiteElo "2888"]
[BlackElo "2687"]
[TimeControl "180+1"]
[EndTime "15:50:16 PDT"]
[Termination "tptagain won by resignation"]

1. Nf3 Nf6 2. b3 g6 3. Bb2 Bg7 4. g3 O-O 5. Bg2 c5 6. c4 Nc6 7. O-O b6 8. d4 cxd4 9. Nxd4 Bb7 10. Nc3 Rc8 11. Rc1 Qc7 12. Nd5 Qd8 13. Nb5 a6 14. Bxf6 axb5 15. Bxg7 Kxg7 16. cxb5 Na7 17. Qd4+ f6 18. a4 Bxd5 19. Qxd5 Rxc1 20. Rxc1 Nc8 21. Qa8 Nd6 22. Qxd8 Rxd8 23. Rc7 Kf7 24. f4 e6 25.
Kf2 Ke7 26. g4 h6 27. h3 g5 28. e3 e5 29. Bd5 Rh8 30. Bc6 Rd8 31. Kf3 Ke8 32. Be4 Ke7 33. Bc6 Ke8 34. Bd5 Ke7 35.
fxe5 fxe5 36. e4 Rf8+ 37. Ke3 Kd8 38. Ra7 Rf1 39. a5 bxa5 40. b6 Rh1 41. Ra8+ Ke7 42. Rxa5 Rxh3+ 43. Kf2 h5 44. gxh5 Rxh5 45. b7 Nxb7 46.
Bxb7 d6 47. Bd5 Rh2+ 48. Kg3 1-0